AoeStats
← liquidcortex

MegaRandom

506489757Analyzed
3v3 RM · 19d ago on Sep 13, 2026· 38m 4s· 6 players
Game mode
Random Map
Map size
Normal (6 player)
Population
200
Speed
Normal
Resources
Standard
Victory
Conquest
Starting age
Dark Age
Ending age
Imperial Age
RankedLock teamsTeams togetherTeam positionsShared explorationLock speedFull tech treeHidden civsTurbo modeCheats
Victory
Defeat
🇩🇪 Spanish · Germany
932
+25
🇩🇪 Franks · Germany
828
+16
🇩🇪 Goths · Germany
776
+25
🇧🇷 Burgundians · Brazil
888
-18
🇹🇷 Gurjaras · Türkiye
798
-17
🇨🇦 Ethiopians · Canada
788
-14
maxi_king
2:50 Loom
11:01 Feudal Age
16:33 Castle Age
16:16 Double-Bit Axe
16:23 Horse Collar
22:34 Medium Warships
29:35 Bow Saw
32:04 Imperial Age
31:13 Town Watch
34:09 Two-Man Saw
34:10 Heavy Plow
36:02 Capped Ram
37:52 Conscription
37:42 Stone Mining
37:45 Gold Mining
38:17 Scale Barding Armor
38:19 Fletching
Snowbird2610
8:03 Loom
11:05 Feudal Age
13:38 Double-Bit Axe
19:01 Castle Age
22:48 Scale Barding Armor
25:58 Forging
30:18 Wheelbarrow
33:51 Scale Mail Armor
34:12 Chain Barding Armor
34:29 Iron Casting
35:24 Chain Mail Armor
liquidcortex
1:17 Loom
13:02 Feudal Age
15:42 Horse Collar
22:40 Castle Age
20:59 Forging
22:02 Scale Mail Armor
23:52 Double-Bit Axe
aelenon
4:35 Loom
12:39 Feudal Age
18:58 Castle Age
16:57 Fishing Lines
19:59 Double-Bit Axe
20:35 Gillnets
gunessoley
7:37 Feudal Age
8:10 Double-Bit Axe
10:57 Wheelbarrow
12:33 Gold Mining
18:13 Horse Collar
22:09 Castle Age
23:01 Bow Saw
23:51 Fishing Lines
24:40 Heavy Plow
26:02 Hand Cart
28:34 Gold Shaft Mining
aroldera
7:47 Loom
9:54 Feudal Age
10:43 Man-at-Arms
11:35 Double-Bit Axe
18:53 Castle Age
18:19 Horse Collar
18:59 Cavalier
19:02 Crossbowman
21:31 Gold Mining
22:19 Wheelbarrow
22:40 Husbandry
23:09 Scale Barding Armor
27:57 Hand Cart
29:08 Light Cavalry
32:30 Stone Mining
32:10 Elite Skirmisher
33:22 Ballistics
36:34 Forging
36:16 Fletching
36:29 Padded Archer Armor
36:50 Chain Barding Armor
Connection lost

Rejoining the realm…

Still unreachable

The connection could not be restored.

Session expired

The server has moved on; the page needs a fresh start.